 Dungeon Crawl Stone Soup version 0.29.1-12-g30fa7ad0bf (webtiles) character file.

Game seed: 11011093753489732772

16222 MisterFreud the Unseen (level 12, -12/87 HPs)
             Began as a Felid Berserker on Jan 5, 2023.
             Was an Elder of Trog.
             Mangled by a yak (15 damage)
             ... on level 4 of the Lair of Beasts.
             The game lasted 00:21:08 (21461 turns).

MisterFreud the Unseen (Felid Berserker)           Turns: 21461, Time: 00:21:09

Health: -12/87     AC:  3    Str: 13    XL:     12   Next: 8%
Magic:  13/13      EV: 29    Int: 10    God:    Trog [****..]
Gold:   1102       SH:  0    Dex: 19    Spells: 11/11 levels left
                                        Lives:  0   Deaths: 3

rFire   . . .      SeeInvis +     - Unarmed
rCold   + . .      Faith    .   (shield unavailable)
rNeg    . . .      Spirit   .   (body armour unavailable)
rPois   +          Reflect  .   (helmet unavailable)
rElec   .          Harm     .   (cloak unavailable)
rCorr   .          Rampage  .   (gloves unavailable)
Will    +....                   (boots unavailable)
Stlth   ..........              j - amulet of the acrobat
HPRegen 0.24/turn               c - +4 ring of slaying
MPRegen 0.13/turn               I - ring of poison resistance

@: berserking (expiring), studying Stealth, very quick
A: very small, claws 1, fangs 3, see invisible, speed 1, shaggy fur 3, stealthy
paws, no weapons or thrown items, no armour, multi-lived
a: Renounce Religion, Berserk, Trog's Hand, Brothers in Arms


You were on level 4 of the Lair of Beasts.
You worshipped Trog.
Trog was greatly pleased with you.
You visited 2 branches of the dungeon, and saw 16 of its levels.

You collected 1102 gold pieces.

Inventory:

Jewellery
 c - a +4 ring of slaying (left paw)
 h - a ring of fire
 j - an amulet of the acrobat (around neck)
 s - a ring of positive energy
 x - a +4 ring of protection
 z - an amulet of magic regeneration
 A - a ring of willpower
 I - a ring of poison resistance (right paw)
Wands
 l - a wand of charming (5)
 m - a wand of polymorph (10)
 p - a wand of light (7)
 r - a wand of iceblast (25)
 u - a wand of flame (15)
Scrolls
 b - 2 scrolls of blinking
 q - a scroll of magic mapping
 t - a scroll of silence
 C - 3 scrolls of teleportation
 E - a scroll of butterflies
 F - 2 scrolls of summoning
 H - a scroll of identify
 J - 2 scrolls of fear
Potions
 a - 3 potions of flight
 d - a potion of ambrosia
 e - 5 potions of lignification
 f - 12 potions of curing
 g - 2 potions of cancellation
 i - 4 potions of haste
 k - 3 potions of heal wounds
 n - a potion of attraction
 o - a potion of mutation
 v - a potion of brilliance
 w - a potion of invisibility
 B - 2 potions of magic
 G - a potion of resistance
Miscellaneous
 y - a box of beasts
 D - a piece from Xom's chessboard (15/15)


   Skills:
 - Level 10.0 Fighting
 - Level 15.0 Dodging
 - Level 20.0 Stealth
 + Level 12.4 Unarmed Combat
 - Level 10.0 Evocations


You had 11 spell levels left.
You didn't know any spells.
Your spell library was empty.

Dungeon Overview and Level Annotations

Branches:
Dungeon (12/15)            Temple (0/1) D:6            Lair (4/5) D:8
 Shoals (0/4) Lair:2       Spider (0/4) Lair:3          Orc (0/2) D:10
  Slime: Lair:4-5

Altars:
Cheibriados
Elyvilon
Fedhas
Gozag
Okawaru
Qazlal
Ru
Xom
Yredelemnul
Zin

Shops:
D:1 *   D:2 (   D:4 =   D:7 :

Portals:
Trove: D:10 (give 8 scrolls of fear)

Annotations:
D:10 3 runed translucent doors
D:11 3 runed translucent doors, Skuilla's ghost, novice MiBe


Innate Abilities, Weirdness & Mutations

You have sharp claws.
You have razor-sharp teeth.
You have supernaturally acute eyesight. (SInv)
You cover ground quickly. (Speed+)
Your thick and shaggy fur keeps you warm. (AC +3, rC+)
Your paws help you pounce on unaware monsters.
You are incapable of wielding weapons or throwing items.
You cannot wear armour.
You gain extra lives every three experience levels.


Message History

You completely miss the elephant.
The elephant is almost dead.
You mangle the elephant!!
You feel the power of Trog in you as your rage grows.
You kill the elephant!
Trog accepts your kill. The elephant closely misses you.
The elephant trunk-slaps you but does no damage.
You barely miss the elephant.
Unknown command.
You claw the elephant! You bite the elephant!
The elephant is moderately wounded.
The elephant completely misses you. x2
A yak comes into view. x2
The elephant completely misses you.
The elephant trunk-slaps you but does no damage.
Unknown command.
The yak bellows!
You mangle the elephant!!
The elephant is severely wounded.
You hear a bellow!
The elephant completely misses you.
The elephant trunk-slaps you but does no damage.
You scratch the elephant.
The elephant is severely wounded.
You scratch the elephant. You bite the elephant!
You kill the elephant!
Trog accepts your kill.
The elephant misses you. x2; The yak closely misses you.
A yak comes into view. x2
The yak bellows!
You mangle the elephant!! You claw the elephant!
The elephant is heavily wounded.
You claw the elephant! You claw the elephant.
The elephant is severely wounded.
The elephant tramples you!
* * * LOW HITPOINT WARNING * * *
You hold your ground!
The elephant misses you. The yak completely misses you. The yak gores you!
You die...

..............#.....P............
.#............#..#P..............
.................................
.#...P........#(...Y#............
#..#Y.Y...........
##.†Y##............
#.YY.##............
##YY###.........Y.. #P@Y#
##.......Y... ..........#
#.....#....#
...........###.Y.###....
...........# #..Y# ..
...........# ............
............. .#............


You could see 2 elephants and 6 yaks.

Vanquished Creatures
  Kirke (D:12)
  A boulder beetle (Lair:1)
  A hydra (Lair:2)
  Erolcha (D:9)
  A catoblepas (Lair:1)
  6 death yaks (D:8)
  5 two-headed ogres
  An ugly thing (D:12)
  2 cyclopes (D:12)
  4 elephants
  2 gargoyles
  10 cane toads
  An unseen horror (D:10)
  3 kobold demonologists
  6 komodo dragons
  A troll (D:12)
  3 polar bears (Lair:2)
  8 blink frogs
  5 slime creatures (D:12)
  2 spriggans (Lair:2)
  A vampire (D:9)
  7 wyverns
  47 yaks
  2 wraiths
  A hog (D:12)
  2 steam dragons (D:8)
  11 vampire mosquitoes
  2 basilisks (Lair:1)
  6 water moccasins
  2 black bears (D:8)
  2 orc warriors
  2 ogres
  6 wolves
  5 centaurs
  2 kobold brigands
  A phantom (D:7)
  2 gnoll sergeants
  A necrophage (D:7)
  13 bullfrogs
  3 scorpions
  4 wights (D:9)
  15 killer bees
  2 hounds (D:5)
  3 orc priests
  A jelly (D:8)
  9 orc wizards
  6 iguanas
  Robin (D:4)
  15 gnolls
  8 adders
  2 white imps
  An ufetubus (D:7)
  2 worms
  3 dart slugs
  39 orcs
  6 ball pythons
  5 endoplasms
  5 giant cockroaches
  14 goblins
  11 hobgoblins
  14 kobolds
  2 quokkas
  7 bats
  6 frilled lizards
  5 rats
368 creatures vanquished.

Vanquished Creatures (collateral kills)
  3 yaks (Lair:1)
  2 wolves (Lair:1)
5 creatures vanquished.

Vanquished Creatures (others)
  A human (D:12)
  A bush (Lair:2)
  16 fungi
  118 plants
136 creatures vanquished.

Grand Total: 509 creatures vanquished

Notes
Turn   | Place    | Note
-------+----------+-------------------------------------------
     0 | D:1      | MisterFreud the Felid Berserker began the quest for the
                  | Orb.
     0 | D:1      | Reached XP level 1. HP: 10/10 MP: 2/2
   166 | D:1      | Reached skill level 1 in Stealth
   423 | D:1      | Reached XP level 2. HP: 6/14 MP: 3/3
   678 | D:1      | Found Ebed's General Store.
   965 | D:1      | Reached skill level 2 in Stealth
  1258 | D:1      | Found a faded altar of an unknown god.
  1728 | D:2      | Reached XP level 3. HP: 13/17 MP: 4/4
  1801 | D:2      | Found Linlei's Weapon Boutique.
  1879 | D:2      | Reached skill level 3 in Stealth
  2607 | D:3      | Reached XP level 4. HP: 21/21 MP: 5/5
  2607 | D:3      | Reached ** piety under Trog
  2844 | D:3      | Reached skill level 4 in Stealth
  3578 | D:3      | Reached XP level 5. HP: 24/24 MP: 6/6
  3581 | D:3      | Reached skill level 5 in Stealth
  3705 | D:3      | Found a basalt altar of Yredelemnul.
  3866 | D:4      | Found an iron altar of Okawaru.
  4280 | D:4      | Noticed Robin
  4301 | D:4      | Reached skill level 5 in Unarmed Combat
  4305 | D:4      | Killed Robin
  4639 | D:4      | Found Beiru's Jewellery Emporium.
  4759 | D:4      | Reached skill level 6 in Stealth
  4759 | D:4      | Gained mutation: You are covered in thick fur. (AC +2)
                  | [Felid growth]
  4759 | D:4      | Reached XP level 6. HP: 28/28 MP: 7/7
  4981 | D:5      | Entered Level 5 of the Dungeon
  5137 | D:5      | Found a white marble altar of Elyvilon.
  5137 | D:5      | Found a stormy altar of Qazlal.
  5560 | D:6      | Found a staircase to the Ecumenical Temple.
  5563 | D:6      | Reached skill level 5 in Dodging
  5574 | D:6      | Reached XP level 7. HP: 29/31 MP: 8/8
  5619 | D:6      | Reached *** piety under Trog
  6973 | D:7      | Reached XP level 8. HP: 30/34 MP: 9/9
  7121 | D:7      | Reached skill level 10 in Dodging
  7344 | D:7      | Found a sacrificial altar of Ru.
  7675 | D:7      | Reached skill level 5 in Fighting
  7777 | D:7      | Found Judez's Book Emporium.
  8443 | D:8      | Found a staircase to the Lair.
  8474 | D:8      | Reached XP level 9. HP: 41/41 MP: 10/10
  8533 | D:8      | Reached skill level 7 in Stealth
  9015 | D:8      | Reached skill level 8 in Stealth
  9245 | D:8      | Noticed a two-headed ogre
  9253 | D:8      | Killed a two-headed ogre
  9254 | D:8      | Reached skill level 9 in Stealth
  9711 | Lair:1   | Entered Level 1 of the Lair of Beasts
  9713 | Lair:1   | Noticed a cane toad
  9714 | Lair:1   | Noticed a death yak
  9715 | Lair:1   | Noticed a death yak
  9715 | Lair:1   | Noticed a komodo dragon
  9729 | D:8      | Killed a komodo dragon
  9730 | D:8      | Reached skill level 10 in Stealth
  9730 | D:8      | Reached XP level 10. HP: 45/45 MP: 11/11
  9772 | Lair:1   | Noticed a death yak
  9772 | Lair:1   | Noticed a death yak
  9773 | Lair:1   | Noticed a death yak
  9788 | Lair:1   | Noticed a death yak
  9803 | D:8      | Killed a death yak
  9808 | D:8      | Killed a death yak
  9968 | D:9      | Noticed Erolcha
  9976 | D:9      | Killed Erolcha
  9977 | D:9      | Reached skill level 10 in Unarmed Combat
  9977 | D:9      | Reached skill level 1 in Evocations
 10559 | D:9      | Identified a scroll of acquirement
 10559 | D:9      | Acquired a manual of Stealth
 10566 | D:9      | Found a snail-covered altar of Cheibriados.
 10566 | D:9      | Found a glowing silver altar of Zin.
 10566 | D:9      | Found a blossoming altar of Fedhas.
 11007 | D:9      | HP: 2/47 [troll (5)]
 11008 | D:9      | Demolished by a troll
 11009 | D:9      | Reached XP level 9. HP: -14/64 MP: 10/10
 11085 | D:9      | Reached skill level 5 in Evocations
 11090 | D:9      | Reached XP level 10. HP: 28/48 MP: 11/11
 11360 | D:10     | Entered Level 10 of the Dungeon
 11365 | D:10     | Found a staircase to the Orcish Mines.
 11399 | D:10     | Found a portal to a secret trove of treasure.
 11495 | D:10     | Noticed a gargoyle
 11512 | D:10     | Killed a gargoyle
 12044 | D:10     | Found a runed translucent gate.
 12044 | D:10     | Noticed a white ugly thing
 12046 | D:10     | Found a runed translucent gate.
 12047 | D:10     | Noticed a white ugly thing
 12048 | D:10     | Found a runed translucent gate.
 12048 | D:10     | Noticed a brown ugly thing
 12049 | D:10     | Noticed a glowing orange brain
 12049 | D:10     | Noticed a brown ugly thing
 12063 | D:10     | Found an opulent altar of Gozag.
 12601 | D:11     | Noticed a two-headed ogre
 12620 | D:11     | Killed a two-headed ogre
 12674 | D:11     | Noticed a two-headed ogre
 12983 | D:11     | Found a runed translucent gate.
 12984 | D:11     | Found a runed translucent gate.
 12984 | D:11     | Identified the +1 chain mail "Orghirimm" {rN+ Str+4 Dex-5
                  | Slay+3}
 12985 | D:11     | Found a runed translucent gate.
 12986 | D:11     | Noticed Skuilla's ghost (novice MiBe)
 13026 | D:11     | Reached **** piety under Trog
 13300 | D:11     | Noticed a two-headed ogre
 13307 | D:11     | Killed a two-headed ogre
 13308 | D:11     | Reached XP level 11. HP: 53/53 MP: 12/12
 13311 | D:11     | Killed a two-headed ogre
 13312 | D:11     | Reached skill level 11 in Stealth
 13585 | D:11     | Identified the +0 robe of Pokuhopa {rF+ Will+}
 13805 | D:12     | Noticed a green ugly thing
 13814 | D:12     | Killed a green ugly thing
 13815 | D:12     | Reached skill level 12 in Stealth
 14013 | D:12     | Noticed a two-headed ogre
 14129 | D:12     | Killed a two-headed ogre
 14130 | D:12     | Reached skill level 13 in Stealth
 14476 | D:12     | Reached skill level 10 in Fighting
 14897 | D:12     | Reached skill level 14 in Stealth
 15054 | D:12     | Noticed Kirke
 15069 | D:12     | Killed Kirke
 15079 | D:12     | Reached skill level 15 in Stealth
 15462 | D:8      | Killed a death yak
 15488 | D:8      | Killed a death yak
 15493 | D:8      | Killed a death yak
 15494 | D:8      | Gained mutation: Your thick and shaggy fur keeps you warm.
                  | (AC +3, rC+) [Felid growth]
 15494 | D:8      | Reached XP level 12. HP: 47/58 MP: 13/13
 15504 | D:8      | Killed a death yak
 15505 | D:8      | Reached skill level 16 in Stealth
 15505 | D:8      | Reached skill level 10 in Evocations
 16073 | Lair:1   | Noticed a catoblepas
 16094 | Lair:1   | Killed a catoblepas
 16451 | Lair:1   | Reached skill level 17 in Stealth
 17005 | Lair:1   | Reached skill level 18 in Stealth
 17263 | Lair:2   | Noticed a boulder beetle
 17263 | Lair:2   | Found a shimmering altar of Xom.
 17285 | Lair:1   | Killed a boulder beetle
 17383 | Lair:2   | HP: 2/58 [cane toad (23)]
 17384 | Lair:2   | Mangled by a blink frog
 17385 | Lair:2   | Reached XP level 11. HP: -13/54 MP: 12/12
 17415 | Lair:2   | Reached skill level 19 in Stealth
 17526 | Lair:2   | Found a staircase to the Shoals.
 17603 | Lair:2   | HP: 1/54 [centaur (3)]
 17941 | Lair:2   | Reached XP level 12. HP: 42/58 MP: 13/13
 18118 | Lair:2   | Reached skill level 20 in Stealth
 18200 | Lair:2   | Identified the +7 dagger of the Warrior-Mage {vorpal, Int+4
                  | SInv}
 18393 | Lair:2   | Reached skill level 15 in Dodging
 18776 | Lair:2   | HP: 1/58 [bullfrog (6)]
 19220 | Lair:2   | Noticed a seven-headed hydra
 19226 | Lair:2   | HP: 3/87 [seven-headed hydra (8)]
 19226 | Lair:2   | Mangled by a seven-headed hydra
 19227 | Lair:2   | Reached XP level 11. HP: -12/81 MP: 12/12
 19234 | Lair:2   | Killed a seven-headed hydra
 20665 | Lair:3   | Found a hole to the Spider Nest.
 21452 | Lair:4   | Reached XP level 12. HP: 17/58 MP: 13/13
 21461 | Lair:4   | HP: 3/87 [elephant (15)]
 21461 | Lair:4   | Mangled by a yak

Illustrated notes

Levels and vault maps discovered:
D:1:      psy_arrival_radial02, layout_loops_cross,
          hellmonk_ecumenical_altar_defaced_shrine, serial_shops,
          nicolae_shop_statue_plus, moated_statue
D:2:      layout_basic, serial_corexii_hall, corexii_hall_statues_l,
          chequers_hall_statues_corner_a, corexii_hall_statues_l, serial_shops,
          nicolae_shop_bloodbath_and_beyond
D:3:      layout_basic, yredelemnul_altar_generic, reono_crystal_passage,
          grunt_ministairs_11
D:4:      layout_loops_cross, okawaru_trees_1, serial_shops,
          nicolae_shop_behind_doors, uniq_robin
D:5:      layout_basic, gammafunk_temple_overflow_wave
D:6:      layout_rooms, minmay_temple_entry_junction
D:7:      layout_gridville, nicolae_ru_path_of_blood, serial_shops,
          nicolae_stop_n_shop_2
D:8:      layout_loops_corners, david_lair_generic
D:9:      layout_roguey [special_room_orc], gammafunk_temple_overflow_claw,
          uniq_erolcha
D:10:     layout_rooms, grunt_gozag_statues, nicolae_trove_entry_isolated,
          ploomutoo_gammafunk_ghost_potion_laboratory
D:11:     layout_roguey, biasface_ghost_orc_armoury
D:12:     layout_loops_cross, grunt_decor_mini_mirrors, grunt_ministairs_11,
          uniq_kirke
Lair:1:   layout_cave_shapes, lemuel_fruit_tree
Lair:2:   wad_woods_stonehenge, layout_loops_ring, minmay_shoals_entry_centaurs
Lair:3:   layout_long_grid, dummy_spider_entry
Lair:4:   layout_gridlike, serial_bayou_lagoon_a, grunt_megastairs_4,
          infiniplex_staircase_pool_2

Skill      XL: |  1  2  3  4  5  6  7  8  9 10 11 12 |
---------------+-------------------------------------+-----
Stealth        | 1 2 3 4 6 10 19 20 | 20.0
Unarmed Combat | 4 5 6 8 10 12 | 12.4
Dodging        | 5 9 10 12 15 | 15.0
Fighting       | 6 9 10 | 10.0
Evocations     | 5 7 9 10 | 10.0

Action                   |  1- 3 |  4- 6 |  7- 9 | 10-12 || total
-------------------------+-------+-------+-------+-------++-------
Melee: Unarmed           |    88 |   111 |   235 |   909 ||  1343
       Bite              |     6 |    13 |    31 |   145 ||   195
       Punch             |     1 |     4 |    14 |    83 ||   102
Invok: Berserk           |     1 |     4 |     5 |    22 ||    32
       Trog's Hand       |       |     2 |     4 |    11 ||    17
Evoke: Box of beasts     |       |       |       |     1 ||     1
  Use: Scroll            |     8 |     5 |     6 |    10 ||    29
 Stab: Sleeping          |     6 |    11 |     7 |    17 ||    41
       Distracted        |     1 |     1 |       |     1 ||     3
Armor: Skin              |     1 |     1 |     3 |    21 ||    26
Dodge: Dodged            |    76 |    72 |   196 |   931 ||  1275
